 Dungeon Crawl Stone Soup version 0.30.1-11-g7821555f0a (webtiles) character file.

Game seed: 13001568855111723569

1957 monsoonserge the Covered (level 9, -5/73 (78) HPs)
             Began as a Tengu Reaver on Jan 14, 2024.
             Was an Initiate of Okawaru.
             Slain by a wight
             ... wielding a +0 flail
              (8 damage)
             ... on level 7 of the Dungeon on Jan 15, 2024.
             The game lasted 00:29:28 (5812 turns).

monsoonserge the Covered (Tengu Reaver)             Turns: 5812, Time: 00:29:29

HP:   -5/73 (78)    AC:  7    Str: 13    XL:     9   Next: 19%
MP:   8/13          EV: 14    Int: 17    God:    Okawaru [......]
Gold: 448           SH:  0    Dex: 13    Spells: 8/12 levels left

rFire   . . .        t - +4 hand axe (freeze)
rCold   . . .        (no shield)
rNeg    . . .        m - +0 ring mail
rPois   +            (helmet restricted)
rElec   .            (no cloak)
rCorr   .            F - +0 pair of gloves
SInv    .            (boots unavailable)
Will    +....        (no amulet) Stlth
                     i - ring of willpower
HPRegen 0.32/turn    s - ring of poison resistance
MPRegen 0.13/turn

%: no passive effects
@: mighty, berserking, flying quickly and evasively, very slightly contaminated,
drained, very quick
A: beak, talons 3, nimble flight
a: Renounce Religion


You were on level 7 of the Dungeon.
You worshipped Okawaru.
Okawaru was noncommittal.
You visited 2 branches of the dungeon, and saw 8 of its levels.
You also visited: Sewer.

You collected 448 gold pieces.

Inventory:

Hand Weapons
 e - a +2 dagger of venom
 t - a +4 hand axe of freezing (weapon)
Missiles
 q - 7 poisoned darts
 y - 5 silver javelins (quivered)
Armour
 m - a +0 ring mail (worn)
 F - a +0 pair of gloves (worn)
Magical Staves
 n - a staff of earth
 r - a staff of air
 I - a staff of conjuration
Jewellery
 i - a ring of willpower (left hand)
 s - a ring of poison resistance (right hand)
Wands
 a - a wand of light (10)
Scrolls
 c - 2 scrolls of fog
 f - a scroll of teleportation
 h - 2 scrolls of fear {unknown}
 k - 3 scrolls of blinking {unknown}
 u - a scroll of immolation {unknown}
 w - 2 scrolls of poison {unknown}
 x - a scroll of magic mapping {unknown}
 C - a scroll of brand weapon {unknown}
 D - a scroll of enchant weapon {unknown}
 E - a scroll of amnesia {unknown}
 G - a scroll of acquirement {unknown}
 H - a scroll of enchant armour
Potions
 b - 2 potions of magic
 d - 2 potions of might
 g - a potion of haste {unknown}
 j - a potion of brilliance {unknown}
 l - 5 potions of curing
 o - a potion of heal wounds {unknown}
 p - 2 potions of mutation
 v - a potion of flight {unknown}
 z - a potion of ambrosia {unknown}
 A - a potion of attraction {unknown}
 B - a potion of berserk rage


   Skills:
 + Level 3.9 Fighting
 + Level 5.1 Short Blades
 * Level 1.0(2.5) Axes
 - Level 3.6(3.7) Maces & Flails
 + Level 3.2 Throwing
 * Level 6.1 Armour
 + Level 5.0 Dodging
 + Level 2.0 Spellcasting
 + Level 5.1 Conjurations
 + Level 4.8 Air Magic
 + Level 3.0 Poison Magic
 + Level 0.1 Evocations


You had 8 spell levels left.
You knew the following spells:

 Your Spells              Type           Power      Damage    Failure   Level
a - Kiss of Death         Conj/Necr      40%        2d8       13%         1
b - Mephitic Cloud        Conj/Pois/Air  16%        N/A       19%         3

Your spell library contained the following spells:

 Spells                   Type           Power      Damage    Failure   Level
 Poisonous Vapours        Pois/Air       30%        N/A       11%         2
 Momentum Strike          Conj/Tloc      20%        3d8       19%         2
 Apportation              Tloc           2%         N/A       36%         1
 Hailstorm                Conj/Ice       10%        3d5       36%         3
 Vhi's Electric Charge    Tloc/Air       18%        N/A       38%         3
 Arcjolt                  Conj/Air       9%         1d19      78%         5
 Freezing Cloud           Conj/Ice/Air   6%         6-21      95%         5
 Alistair's Intoxication  Tmut/Pois      4%         N/A       99%         5
 Maxwell's Capacitive Co  Air            9%         ∞         100%        8


Dungeon Overview and Level Annotations

Branches:
Dungeon (7/15)             Temple (1/1) D:4           Sewer (visited)

Altars:
Ashenzari
Cheibriados
Dithmenos
Elyvilon
Fedhas
Gozag
Hepliaklqana
Kikubaaqudgha
Makhleb
Nemelex Xobeh
Okawaru
Qazlal
Ru
Trog
Uskayaw
Vehumet
Xom
Yredelemnul
Zin
The Shining One

Annotations:
D:5 3 runed translucent doors, Jaukkuri's ghost, novice DECA


Innate Abilities, Weirdness & Mutations

You have a beak for a mouth.
You have claws for feet.
Your magical nature lets you fly swiftly and evasively.


Message History

Okawaru accepts your kill.
You barely miss the black bear. You claw the black bear.
You peck the black bear.
The black bear is severely wounded.
You hit the wight but do no damage.
The orc warrior is engulfed in noxious fumes.
The wight hits you with a +0 flail.
* * * LOW HITPOINT WARNING * * *
You feel drained.
The black bear is engulfed in noxious fumes.
The black bear appears confused.
The black bear bites you.
* * * LOW HITPOINT WARNING * * *
The black bear claws you.
* * * LOW HITPOINT WARNING * * *
The black bear misses you.
It was a potion of might.
You feel very mighty all of a sudden.
The black bear is engulfed in noxious fumes.
The black bear appears confused.
A red film seems to cover your vision as you go berserk!
You feel yourself moving faster!
You feel mighty!
The orc warrior closely misses the wight.
The wight hits you with a +0 flail!
* * * LOW HITPOINT WARNING * * *
You feel drained.
* * * LOW HITPOINT WARNING * * *
You closely miss the wight. Your kick misses the wight.
You barely miss the wight.
The orc warrior barely misses the wight.
The wight barely misses you.
You barely miss the wight. You claw the wight.
You peck the wight, but do no damage.
The wight is lightly damaged.
You slash the wight! You hit the wight.
The orc warrior hits the kobold with a +0 glaive!
The kobold is killed!
Okawaru accepts your kill. The wight misses you. The wight barely misses you.
The wight hits you with a +0 flail!
You die...

#.# #..#..........
##.####.3##'##########
>....#...J....../....#
.....#>..§...........#
###
....K'...............+
#..
##..J##..$......o..^.#
#..
##.J.##......##K)J...#
#..
.3<..##......###z#####...
#..
5.....#......#.z@zh......
#..
.K....#......#...........
#..
......#......#...........
#.. ......# #...........
#.. ##...## #.......:...
##. ##+##
.../...############.
#.......#.........#..
#.......#.........#..
#....†....#..


You could see an orc warrior (confused), a black bear (confused), a jelly, 3
wights and a kobold.

Vanquished Creatures
  Duvessa (D:6)
  An orc warrior (D:6)
  An ice beast (D:5)
  Pargi (Sewer)
  A black bear (D:5)
  2 ogres
  5 bullfrogs (D:6)
  2 scorpions
  5 wights
  Dowan (D:6)
  3 hounds (D:5)
  2 orc priests
  A sleepcap (D:4)
  4 iguanas
  3 orc wizards
  9 adders
  A white imp (D:5)
  4 worms
  4 dart slugs
  19 orcs
  3 endoplasms
  3 giant cockroaches
  6 goblins
  5 hobgoblins
  8 jackals
  2 quokkas
  8 ball pythons
  11 bats
  11 kobolds
  9 rats
136 creatures vanquished.

Notes
Turn   | Place    | Note
-------+----------+-------------------------------------------
     0 | D:1      | monsoonserge the Tengu Reaver began the quest for the Orb.
     0 | D:1      | Reached XP level 1. HP: 12/12 MP: 4/4
   116 | D:1      | Reached XP level 2. HP: 14/17 MP: 6/6
   313 | D:1      | Found a faded altar of an unknown god.
   855 | D:2      | Reached XP level 3. HP: 21/21 MP: 7/7
   870 | D:2      | You fall into a shaft and drop 1 floor!
   885 | D:3      | Reached skill level 1 in Short Blades
   995 | D:2      | Reached skill level 1 in Armour
  1125 | D:2      | Reached XP level 4. HP: 25/26 MP: 8/8
  1138 | D:2      | Learned a level 3 spell: Mephitic Cloud
  1666 | D:3      | Reached skill level 2 in Armour
  1760 | D:3      | Gained mutation: Your magical nature lets you fly swiftly
                  | and evasively. [Tengu growth]
  1760 | D:3      | Reached XP level 5. HP: 28/31 MP: 9/9
  1777 | D:3      | Reached skill level 1 in Air Magic
  2065 | D:4      | Reached skill level 5 in Conjurations
  2065 | D:4      | Reached skill level 1 in Poison Magic
  2072 | D:4      | HP: 1/28 [orc/+0 flail (5)]
  2079 | D:4      | Reached XP level 6. HP: 16/35 MP: 10/10
  2273 | D:4      | Found a staircase to the Ecumenical Temple.
  2282 | Temple   | Entered the Ecumenical Temple
  2593 | D:5      | Entered Level 5 of the Dungeon
  2600 | D:5      | Noticed a black bear
  2610 | D:5      | Killed a black bear
  2611 | D:5      | Reached skill level 3 in Armour
  2856 | D:5      | Reached XP level 7. HP: 37/40 MP: 11/11
  2856 | D:5      | Found a white marble altar of Elyvilon.
  2933 | D:5      | Reached skill level 4 in Armour
  2989 | D:5      | Found a hazy altar of Hepliaklqana.
  3060 | D:5      | Reached skill level 1 in Throwing
  3265 | D:5      | Found a glowing drain.
  3276 | Sewer    | Entered a sewer
  3406 | Sewer    | Noticed Pargi
  3439 | Sewer    | Killed Pargi
  3644 | D:5      | Reached XP level 8. HP: 31/44 MP: 12/12
  3720 | D:5      | Found a runed translucent gate.
  3721 | D:5      | Found a runed translucent gate.
  3722 | D:5      | Found a runed translucent gate.
  3724 | D:5      | Noticed Jaukkuri's ghost (novice DECA)
  4096 | D:6      | Reached skill level 5 in Armour
  4882 | D:5      | Reached skill level 5 in Short Blades
  4882 | D:5      | Reached XP level 9. HP: 17/48 MP: 13/13
  5067 | Temple   | Became a worshipper of Warmaster Okawaru
  5179 | D:6      | Noticed Duvessa
  5179 | D:6      | Noticed Dowan
  5187 | D:6      | Killed Dowan
  5188 | D:6      | Reached skill level 6 in Armour
  5191 | D:6      | Killed Duvessa
  5192 | D:6      | Reached skill level 1 in Axes
  5530 | D:6      | Reached skill level 5 in Dodging
  5781 | D:7      | Noticed a kobold demonologist
  5783 | D:7      | Noticed a sun demon
  5810 | D:7      | HP: 3/73 [wight/+0 flail (1)]
  5812 | D:7      | Slain by a wight

Illustrated notes

Levels and vault maps discovered:
D:1:      mrwooster_arrival_arrow, layout_basic,
          shapermc_ecumenical_altar_ellora, minmay_misc_feat_more_columns
D:2:      layout_rooms, glass_columns_b
D:3:      layout_rooms, nicolae_figureground_pulse
D:4:      layout_rooms, minmay_temple_entry_junction
D:5:      layout_gridville, nicolae_hepliaklqana_hazy_memory,
          nicolae_elyvilon_temple_path, serial_rivers,
          chequers_serial_rivers_small_b, chequers_serial_rivers_small_b,
          chequers_serial_rivers_large_a, chequers_serial_rivers_large_b,
          chequers_serial_rivers_small_b, chequers_serial_rivers_micro_e,
          gammafunk_ghost_necromancy, cheibrodos_sewer_entry_bend
D:6:      layout_basic, uniq_duvessa
D:7:      layout_gridville, enter_bailey_3
Temple:   regret_index_temple_mists

Skill      XL: |  1  2  3  4  5  6  7  8  9 |
---------------+----------------------------+-----
Short Blades   | 1 2 3 4 5 |  5.1
Armour         | 1 2 3 4 5 6 |  6.1
Air Magic      | 1 2 3 4 |  4.8
Conjurations   | 5 |  5.1
Poison Magic   | 1 2 3 |  3.0
Dodging        | 3 4 5 |  5.0
Throwing       | 1 3 |  3.2
Fighting       | 3 |  3.9
Axes           | 1 |  1.0
Maces & Flails | |  3.6
Spellcasting   | |  2.0
Evocations     | |  0.1

Action                     |  1- 3 |  4- 6 |  7- 9 || total
---------------------------+-------+-------+-------++-------
  Melee: Mace              |    29 |       |       ||    29
         Kick              |    18 |    30 |    75 ||   123
         Dagger            |    57 |   130 |   179 ||   366
         Peck              |    11 |    17 |    50 ||    78
         Punch             |       |     2 |       ||     2
         Hand axe          |       |       |    31 ||    31
  Throw: Dart              |       |    16 |    22 ||    38
         Javelin           |       |       |     2 ||     2
   Cast: Kiss of Death     |       |     3 |     2 ||     5
         Mephitic Cloud    |       |       |     2 ||     2
  Evoke: Wand              |       |       |     2 ||     2
    Use: Potion            |       |     1 |     2 ||     3
         Scroll            |       |       |     6 ||     6
   Stab: Sleeping          |     1 |       |       ||     1
         Confused          |       |       |     3 ||     3
 Armour: Leather armour    |    31 |     4 |       ||    35
         Ring mail         |       |    33 |    37 ||    70
  Dodge: Dodged            |    66 |    57 |   105 ||   228
